 Dungeon Crawl Stone Soup version 0.30-a0-778-g2ef04afb54 (webtiles) character file.

Game seed: 13120145536693907743

1173 Leeroy the Carver (level 8, 0/38 HPs)
             Began as a Vine Stalker Warper on Feb 15, 2023.
             Was a Follower of Wu Jian.
             Slain by Duvessa
             ... wielding a +0 short sword
              (9 damage)
             ... on level 6 of the Dungeon.
             The game lasted 00:05:22 (4272 turns).

Leeroy the Carver (Vine Stalker Warper)             Turns: 4272, Time: 00:05:23

Health: 0/38       AC: 12    Str: 20    XL:     8   Next: 41%
Magic:  0/12       EV: 16    Int: 13    God:    Wu Jian [*.....]
Gold:   329        SH:  0    Dex: 16    Spells: 3/11 levels left

rFire   + . .      SeeInvis +    a - +0 falchion
rCold   . . .      Faith    .    (no shield)
rNeg    . . .      Spirit   +    u - +4 ring mail of Fashionability {rF+ SInv}
rPois   .          Reflect  .    j - +0 helmet
rElec   .          Harm     .    m - +0 cloak
rCorr   .          Rampage  .    (no gloves)
Will    +....                    e - +0 pair of boots
Stlth   +                        (no amulet)
HPRegen 1.06/turn                p - +5 ring of evasion
MPRegen 0.13/turn                x - +6 ring of strength

@: no status effects
A: fangs 3, regeneration 1, magic shield, antimagic bite, no potion heal 2
a: Renounce Religion


You were on level 6 of the Dungeon.
You worshipped Wu Jian.
Wu Jian was aware of your devotion.
You visited 2 branches of the dungeon, and saw 7 of its levels.

You collected 329 gold pieces.

Inventory:

Hand Weapons
 a - a +0 falchion (weapon)
 f - a +1 dagger of protection
 l - a +2 vampiric spear
 y - a +0 rapier
 A - a +4 spear of flaming
 J - a +4 quarterstaff of chaos
 P - a +0 short sword of venom
Missiles
 d - 7 boomerangs of dispersal (quivered)
 q - 5 poisoned darts
 w - 3 javelins
 Q - 3 boomerangs
Armour
 b - a +0 leather armour
 e - a +0 pair of boots (worn)
 i - a +0 pair of boots
 j - a +0 helmet (worn)
 m - a +0 cloak (worn)
 u - the +4 ring mail of Fashionability (worn) {rF+ SInv}
   (You found it on level 2 of the Dungeon)

   rF:        It protects you from fire.
   SInv:      It lets you see invisible.
 v - a +0 ring mail of cold resistance
 B - the +0 robe "Kaqikhlu" {+Blink rF+ Will+}
   (You found it on level 5 of the Dungeon)

   rF:        It protects you from fire.
   +Blink:    It lets you blink.
   Will:      It increases your willpower.
 K - a +0 cloak
 O - a +0 leather armour of willpower
 S - a +0 helmet
Jewellery
 p - a +5 ring of evasion (left hand)
 x - a +6 ring of strength (right hand)
 N - an amulet of the acrobat
Scrolls
 c - 2 scrolls of blinking
 h - a scroll of brand weapon {unknown}
 r - 3 scrolls of fear {unknown}
 s - 5 scrolls of identify {unknown}
 t - 2 scrolls of immolation {unknown}
 C - a scroll of noise {unknown}
 E - a scroll of poison {unknown}
 H - a scroll of amnesia {unknown}
 I - a scroll of enchant armour {unknown}
 L - a scroll of enchant weapon {unknown}
 M - a scroll of magic mapping {unknown}
Potions
 g - 3 potions of flight {unknown}
 k - a potion of ambrosia {unknown}
 n - 2 potions of brilliance {unknown}
 o - 6 potions of mutation {unknown}
 z - a potion of might {unknown}
 D - a potion of degeneration {unknown}
 F - a potion of heal wounds {unknown}
 G - 2 potions of haste {unknown}
 R - 2 potions of magic {unknown}


   Skills:
 - Level 1.7 Fighting
 + Level 9.2 Long Blades
 - Level 0.8 Throwing
 - Level 0.7 Armour
 - Level 1.5 Dodging
 - Level 2.1 Spellcasting
 - Level 3.0 Translocations


You had 3 spell levels left.
You knew the following spells:

 Your Spells              Type           Power      Damage    Failure   Level
a - Blink                 Tloc           18%        N/A       19%         2
b - Vhi's Electric Charg  Tloc/Air       10%        N/A       56%         3
c - Dazzling Flash        Conj/Hex       2%         N/A       77%         3

Your spell library contained the following spells:

 Spells                   Type           Power      Damage    Failure   Level
 Lesser Beckoning         Tloc           18%        N/A       19%         2
 Teleport Other           Tloc           9%         N/A       36%         3
 Manifold Assault         Tloc           9%         N/A       77%         4
 Iskenderun's Mystic Bla  Conj/Tloc      5%         2d3       92%         4
 Starburst                Conj/Fire      0%         6d3       100%        6


Dungeon Overview and Level Annotations

Branches:
Dungeon (6/15)             Temple (1/1) D:6

Altars:
Ashenzari
Dithmenos
Elyvilon
Fedhas
Gozag
Hepliaklqana
Makhleb
Okawaru
Qazlal
Ru
Sif Muna
Trog
Wu Jian
Xom
Yredelemnul
Zin

Shops:
D:5 =

Annotations:
D:6 2 runed translucent doors, Duvessa


Innate Abilities, Weirdness & Mutations

You have razor-sharp teeth.
Your natural rate of healing is unusually fast.
When hurt, damage is shared between your health and your magic reserves.
Your bite disrupts and absorbs the magic of your enemies.
Potions cannot restore your health.


Message History

You bite Duvessa, but do no damage.
Duvessa is moderately wounded.
Duvessa hits you with a +0 short sword!
You hit Duvessa but do no damage. You bite Duvessa, but do no damage.
Duvessa is moderately wounded.
Duvessa closely misses you.
You hit Duvessa.
Duvessa is heavily wounded.
Duvessa hits you with a +0 short sword. Duvessa barely misses you.
You closely miss Duvessa. You bite Duvessa. You drain her power.
You feel invigorated.
Duvessa is heavily wounded.
Duvessa closely misses you.
You hit Duvessa but do no damage. You bite Duvessa! You drain her power.
You feel invigorated.
Duvessa is heavily wounded.
Duvessa hits you with a +0 short sword.
You hit Duvessa.
Duvessa is severely wounded.
Duvessa hits you but does no damage. Duvessa hits you with a +0 short sword.
You hit Duvessa. You bite Duvessa, but do no damage.
Duvessa is severely wounded.
Duvessa hits you with a +0 short sword!
* * * LOW HITPOINT WARNING * * *
You slash Duvessa! Your bite misses Duvessa.
Duvessa is almost dead.
Duvessa barely misses you.
You hit Duvessa.
Duvessa is almost dead.
Duvessa hits you but does no damage.
You hit Duvessa but do no damage. You bite Duvessa. You drain her power.
You feel invigorated.
Duvessa is almost dead.
Duvessa closely misses you.
You barely miss Duvessa.
Duvessa is almost dead.
Duvessa hits you with a +0 short sword.
* * * LOW HITPOINT WARNING * * *
Duvessa hits you with a +0 short sword!
You die...

#.# #.# #. #.# #.# ##. #.#####
###.##### ..#. #.....# #.....(.#
.... #.....# #.....$.# #.#.
#.....###.?.....#
....###.###)#.........###########
#..>)....)>...#)......+..........
###..######.#..e@.....#######....
#...........#.......# ###.###
#.##...##.#........... #...#
###+#..#..#...#..###..... #.###
......)#....#...## ..... #.#
..............#.# #######'#####
.......##...#...# #######.......
..............#[# #.............
.......####.#...####.#####.......


You could see Duvessa (berserk).

Vanquished Creatures
  Grinder (D:3)
  A sky beast (D:3)
  An ogre (D:6)
  A necrophage (D:5)
  Dowan (D:6)
  2 hounds (D:5)
  An orc priest (D:6)
  Crazy Yiuf (D:4)
  3 jellies (D:6)
  Jessica (D:2)
  5 iguanas
  3 orc wizards (D:6)
  Natasha (thrice) (D:2)
  A scorpion zombie (D:4)
  10 adders
  An adder zombie (D:4)
  A worm (D:2)
  5 dart slugs
  5 orcs (D:6)
  5 ball pythons
  3 bats
  5 endoplasms
  9 goblins
  5 hobgoblins
  5 kobolds
  3 quokkas
  3 frilled lizards
  6 rats
91 creatures vanquished.

Notes
Turn   | Place    | Note
-------+----------+-------------------------------------------
     0 | D:1      | Leeroy the Vine Stalker Warper began the quest for the Orb.
     0 | D:1      | Reached XP level 1. HP: 11/11 MP: 4/4
    90 | D:1      | Reached skill level 2 in Long Blades
    97 | D:1      | Reached XP level 2. HP: 14/15 MP: 6/6
   529 | D:1      | Found a faded altar of an unknown god.
   602 | D:1      | Reached skill level 3 in Long Blades
   665 | D:1      | Reached XP level 3. HP: 18/18 MP: 7/7
   763 | D:1      | Learned a level 2 spell: Blink
   767 | D:1      | Learned a level 3 spell: Vhi's Electric Charge
   995 | D:2      | Gained mutation: Your natural rate of healing is unusually
                  | fast. [Vine Stalker growth]
   995 | D:2      | Reached XP level 4. HP: 23/23 MP: 8/8
  1059 | D:2      | Noticed Natasha
  1066 | D:2      | Killed Natasha
  1067 | D:2      | Reached skill level 4 in Long Blades
  1156 | D:2      | Noticed Natasha
  1162 | D:2      | Killed Natasha
  1192 | D:2      | Reached XP level 5. HP: 26/26 MP: 9/9
  1229 | D:2      | Identified the +4 ring mail of Fashionability {rF+ SInv}
  1591 | D:2      | Noticed Natasha
  1603 | D:2      | Killed Natasha
  1612 | D:2      | Noticed Jessica
  1614 | D:2      | Killed Jessica
  1615 | D:2      | Reached skill level 5 in Long Blades
  1817 | D:3      | Noticed Grinder
  1818 | D:3      | You fall into a shaft and drop 3 floors!
  1853 | D:6      | Found a staircase to the Ecumenical Temple.
  1863 | D:6      | Found a runed translucent gate.
  1863 | D:6      | Found a runed translucent gate.
  1874 | Temple   | Entered the Ecumenical Temple
  1914 | Temple   | Became a worshipper of the Wu Jian Council
  1980 | D:6      | Reached XP level 6. HP: 28/30 MP: 8/10
  2002 | D:5      | Entered Level 5 of the Dungeon
  2160 | D:5      | Identified the +0 robe "Kaqikhlu" {+Blink rF+ Will+}
  2215 | D:5      | Reached skill level 6 in Long Blades
  2378 | D:5      | Found an opulent altar of Gozag.
  2494 | D:5      | Found a burning altar of Makhleb.
  2545 | D:5      | Found a broken altar of Ashenzari.
  2546 | D:5      | Found a shimmering blue altar of Sif Muna.
  2548 | D:5      | Found a shimmering altar of Xom.
  2548 | D:5      | Found a blossoming altar of Fedhas.
  2704 | D:5      | Reached XP level 7. HP: 34/34 MP: 11/11
  2761 | D:5      | Found Ceolomiong's Jewellery Boutique.
  2879 | D:4      | Learned a level 3 spell: Dazzling Flash
  2994 | D:4      | Found a runed translucent door.
  2995 | D:4      | Noticed Crazy Yiuf
  3195 | D:4      | Found a basalt altar of Yredelemnul.
  3202 | D:4      | Reached skill level 7 in Long Blades
  3380 | D:4      | Killed Crazy Yiuf
  3603 | D:3      | Paralysed by Grinder for 5 turns
  3617 | D:3      | Paralysed by Grinder for 4 turns
  3627 | D:3      | Killed Grinder
  3973 | D:3      | Reached skill level 8 in Long Blades
  3973 | D:3      | Gained mutation: You have razor-sharp teeth. [Vine Stalker
                  | growth]
  3973 | D:3      | Reached XP level 8. HP: 38/38 MP: 12/12
  4086 | D:6      | Reached * piety under Wu Jian
  4235 | D:6      | Reached skill level 9 in Long Blades
  4247 | D:6      | Noticed Dowan
  4248 | D:6      | Noticed Duvessa
  4261 | D:6      | Killed Dowan
  4272 | D:6      | Slain by Duvessa

Illustrated notes

Levels and vault maps discovered:
D:1:      psy_arrival_fountain, layout_basic,
          shapermc_ecumenical_altar_flowoftime, minmay_3d_cube
D:2:      layout_loops_ring, uniq_natasha, uniq_jessica
D:3:      layout_loops_cross, uniq_grinder
D:4:      layout_rooms, lemuel_zombie_altar_yredelemnul, uniq_crazy_yiuf_cottage
D:5:      layout_basic, nicolae_gozag_cash_rules_everything_around_me,
          makhleb_blood_cavern_becter,
          chequers_temple_overflow_statue_of_worship, serial_shops, shop,
          item_on_display_a
D:6:      layout_basic, mainiacjoe_overflow_chevrons, minmay_temple_entry_wispy,
          gammafunk_ghost_necromancy, minmay_misc_feat_pillars, uniq_menkaure,
          uniq_duvessa
Temple:   nicolae_temple_cloud_nine

Skill      XL: |  1  2  3  4  5  6  7  8 |
---------------+-------------------------+-----
Long Blades    | 2 3 4 5 6 8 9 |  9.2
Fighting       | |  1.7
Throwing       | |  0.8
Armour         | |  0.7
Dodging        | |  1.5
Spellcasting   | |  2.1
Translocations | |  3.0

Action                     |  1- 3 |  4- 6 |  7- 9 || total
---------------------------+-------+-------+-------++-------
  Melee: Falchion          |    66 |   142 |   155 ||   363
         Bite              |    17 |    35 |    42 ||    94
         Punch             |       |     2 |       ||     2
Ability: Lunge             |       |     3 |    13 ||    16
         Whirlwind         |       |       |    10 ||    10
 Armour: Leather armour    |    17 |     3 |       ||    20
         Ring mail         |       |    35 |    30 ||    65
  Dodge: Dodged            |    39 |   110 |    85 ||   234

Table legend: (Time is in decaauts)
 A = Elapsed time spent in this place.
 B = Non-inter-level travel time spent in this place.
 C = Inter-level travel time spent in this place.
 D = Time resting spent in this place.
 E = Time spent auto-exploring this place.
 F = Levels seen in this place.
 G = Mean time per level.
                   A        B        C        D        E       F      G
               +--------+--------+--------+--------+--------+-----+--------+
         Total |   4275 |   3976 |    299 |      0 |   3140 |   7 |  610.7 |
       Dungeon |   4228 |   3934 |    294 |      0 |   3106 |   6 |  704.7 |
        Temple |     46 |     41 |      5 |      0 |     34 |   1 |   46.0 |
               +--------+--------+--------+--------+--------+-----+--------+

Top non-repeatable levels by time:
     D:1: 918 daAuts
     D:5: 878 daAuts
     D:2: 778 daAuts
     D:3: 702 daAuts
     D:4: 602 daAuts
     D:6: 347 daAuts
  Temple: 46 daAuts
